 Dungeon Crawl Stone Soup version 0.31-a0-675-g238779eb0a (webtiles) character file.

Game seed: 10509753318309654346

6289 qw the Skirmisher (level 10, -4/64 HPs)
             Began as a Gargoyle Hunter on Sept 5, 2023.
             Was an Elder of Okawaru.
             Slain by a cane toad (17 damage)
             ... on level 1 of the Lair of Beasts.
             The game lasted 00:03:05 (7588 turns).

qw the Skirmisher (Gargoyle Hunter)                 Turns: 7588, Time: 00:03:06

Health: -4/64      AC: 22    Str: 17    XL:     10   Next: 94%
Magic:  13/13      EV: 17    Int: 11    God:    Okawaru [****..]
Gold:   168        SH:  0    Dex: 20    Spells: 9/9 levels left

rFire   + + .        p - +0 arbalest
rCold   + . .        (shield currently unavailable)
rNeg    + . .        r - +0 swamp dragon scales
rPois   inf          (no helmet)
rElec   +            g - scarf {rC+ rF+}
rCorr   .            (no gloves)
SInv    .            f - +0 pair of boots
Will    .....        s - amulet of faith
Stlth   +++          l - ring of the Byakko {rF+ Str+3 Dex+3}
HPRegen 0.30/turn    j - +4 ring of protection
MPRegen 0.13/turn

%: faith
@: about to teleport, heroic
A: sickness immunity, AC +7, negative energy resistance 1, electricity
resistance, torment resistance 1, petrification resistance
a: Renounce Religion, Heroism, Finesse


You were on level 1 of the Lair of Beasts.
You worshipped Okawaru.
Okawaru was greatly pleased with you.
You visited 2 branches of the dungeon, and saw 10 of its levels.
You also visited: Sewer.

You collected 308 gold pieces.
You spent 140 gold pieces at shops.


Innate Abilities, Weirdness & Mutations

You are immune to sickness and miasma.
Your stone body is resilient. (AC +7)
You are immune to poison.
You resist negative energy. (rN+)
You are resistant to electric shocks. (rElec)
You are resistant to unholy torment.
You are immune to petrification.


   Skills:
 + Level 8.0(13.0) Fighting
 - Level 13.0(18.0) Ranged Weapons
 - Level 4.5(9.5) Armour
 - Level 4.1(9.1) Dodging
 - Level 1.1(6.1) Stealth
 + Level 4.5 Invocations


You had 9 spell levels left.
You didn't know any spells.
Your spell library was empty.

Inventory:

Hand Weapons
 p - a +0 arbalest (weapon)
Armour
 f - a +0 pair of boots (worn)
 g - a scarf of resistance (worn)
 i - a +2 robe of fire resistance
 r - +0 swamp dragon scales (worn)
Jewellery
 j - a +4 ring of protection (right hand)
 l - the ring of the Byakko (left hand) {rF+ Str+3 Dex+3}
   (You bought it in a shop on level 8 of the Dungeon)

   [ring of protection from fire]

   Str+3:     It affects your strength (+3).
   Dex+3:     It affects your dexterity (+3).
   rF+:       It protects you from fire.
 n - an amulet of regeneration
 s - an amulet of faith (around neck)
Scrolls
 b - a scroll of identify
Potions
 e - a potion of resistance
 h - 3 potions of enlightenment
 k - a potion of cancellation
 m - a potion of might
 o - a potion of magic

Dungeon Overview and Level Annotations

Branches:
Dungeon (9/15)             Temple (0/1) D:7            Lair (1/5) D:8
  Sewer (visited)
    Orc: D:9-12

Altars:
Elyvilon
Fedhas
Hepliaklqana
Okawaru
Qazlal
Sif Muna
Uskayaw
Wu Jian

Shops:
D:4 *   D:6 *   D:8 *

Annotations:
D:4 2 runed translucent doors
Lair:1 Amaemon


Message History

7581 ||| Stepping ~*~*~tactically~*~*~ (retreating).
The bullfrog barely misses you.
The bullfrog swells and bulges.
The bullfrog misses you.
The water moccasin bites you but does no damage.
7582 |||
Found retreat position at -1,1 (floor) with 0 blocking monsters and 2 monsters attacking at destination at distance 1
7582 ||| Stepping ~*~*~tactically~*~*~ (retreating).
The bullfrog misses you.
You shoot a bolt. The bolt hits the bullfrog!
The bullfrog is almost dead.
You hear a loud, deep croak!
The bullfrog misses you.
You shoot a bolt. The bolt hits the bullfrog!
You kill the bullfrog!
Okawaru accepts your kill. The wolf bites you but does no damage.
Your base Ranged Weapons skill increases to level 13!
You shoot a bolt. The bolt hits the cane toad!
The cane toad is lightly wounded.
The wolf misses you. The cane toad stings you!
The wolf bites you but does no damage.
7586 ||| READING scroll of teleportation.
As you read the scroll of teleportation, it crumbles to dust.
You feel strangely unstable. The wolf bites you but does no damage.
The bullfrog hits you but does no damage.
The cane toad stings you!
7587 ||| DRINKING potion of heal wounds.
You feel much better. The wolf bites you but does no damage.
The bullfrog hits you but does no damage.
The cane toad stings you but does no damage.
The wolf barely misses you. The bullfrog closely misses you.
You shoot a bolt. The bolt hits the cane toad!
The cane toad is heavily wounded.
The wolf bites you.
The bullfrog hits you but does no damage.
The cane toad stings you! The wolf misses you. The bullfrog closely misses you.
The cane toad stings you!
You die...

.........
....^.#...#
........#
..........##
~.....#..
......#...# ##
~.....# .
###.......#..F#
~~.....
##.###........#
#..F.#.....#..#
#..#.S.#.#.#....
#. ##h........ #
# #@#......##
#.F.F......#
...#...#./.##..
.... ........#
.## ...
........... # ..
............. .
.............#
.............


You could see a cane toad, a water moccasin, a wolf and a bullfrog.

Vanquished Creatures
  A black mamba (Lair:1)
  An orange demon (Lair:1)
  Maggie (D:7)
  A rime drake (D:8)
  A hornet (D:9)
  A polar bear (D:7)
  Grinder (D:6)
  Edmund (D:6)
  Duvessa (D:4)
  2 sky beasts (D:7)
  A water moccasin (D:7)
  6 ice beasts
  An ogre (D:5)
  An orc warrior (D:6)
  3 black bears
  2 wolves
  3 centaurs
  2 phantoms
  3 kobold brigands
  Blork the orc (D:4)
  9 bullfrogs
  2 scorpions (D:6)
  5 wights
  Dowan (D:4)
  6 howler monkeys
  2 jellies
  5 hounds
  4 orc priests
  A sleepcap (D:5)
  4 iguanas
  Natasha (thrice) (D:2)
  3 orc wizards
  19 adders
  2 river rats (Sewer)
  2 shadow imps
  A white imp (D:6)
  An ufetubus (D:4)
  5 worms
  A dart slug (D:1)
  11 orcs
  3 bats
  6 endoplasms
  7 giant cockroaches
  7 goblins
  6 hobgoblins
  A quokka (D:1)
  14 ball pythons
  9 kobolds
  9 rats
183 creatures vanquished.

Notes
Turn   | Place    | Note
-------+----------+-------------------------------------------
     0 | D:1      | qw the Gargoyle Hunter began the quest for the Orb.
     0 | D:1      | Reached XP level 1. HP: 12/12 MP: 1/1
     0 | D:1      | 0 ||| qw: Version: 0.3-a-75-gb5c8c4b
     0 | D:1      | 0 ||| qw: Game counter: 22
     0 | D:1      | 0 ||| qw: Melee chars always use a shield: true
     0 | D:1      | 0 ||| qw: God list: Okawaru
     0 | D:1      | 0 ||| qw: Allow faded altars: false
     0 | D:1      | 0 ||| qw: Do Orc after clearing Dungeon:15 true
     0 | D:1      | 0 ||| qw: Do second Lair branch before Depths: true
     0 | D:1      | 0 ||| qw: Lair rune preference: random
     0 | D:1      | 0 ||| qw: Goals: Normal
     0 | D:1      | 0 ||| PLANNING D:1-11
   279 | D:1      | Reached XP level 2. HP: 17/17 MP: 2/2
   824 | D:1      | 824 ||| UPGRADING to +0 ring mail.
   834 | D:1      | 834 ||| DROPPING +0 leather armour.
   835 | D:1      | 835 ||| UPGRADING to scarf of resistance.
   840 | D:1      | 840 ||| READING scroll labelled CAEPAM ONUI.
   841 | D:1      | 841 ||| READING scroll labelled BAEMME ZOAROSK.
   842 | D:1      | 842 ||| READING scroll labelled ULOPSE ZUHOKUO.
   843 | D:1      | 843 ||| READING scroll labelled CEHECSE SEPPA.
   846 | D:1      | 846 ||| READING scroll labelled ICRUMM WOETUWK.
   847 | D:1      | 847 ||| DROPPING scroll of butterflies.
   876 | D:2      | Noticed Natasha
   881 | D:2      | 881 ||| RETREATING.
   882 | D:2      | 882 ||| Stepping ~*~*~tactically~*~*~ (outnumbered).
   884 | D:2      | Killed Natasha
   885 | D:2      | Reached XP level 3. HP: 17/21 MP: 3/3
  1006 | D:2      | Noticed Natasha
  1012 | D:2      | Killed Natasha
  1013 | D:2      | Reached skill level 5 in Ranged Weapons
  1013 | D:2      | Reached XP level 4. HP: 14/26 MP: 4/4
  1051 | D:2      | 1051 ||| FLEEEEING.
  1283 | D:2      | Found a blossoming altar of Fedhas.
  1314 | D:2      | Noticed Natasha
  1319 | D:2      | Killed Natasha
  1320 | D:2      | Reached skill level 3 in Fighting
  1320 | D:2      | Reached XP level 5. HP: 30/32 MP: 5/5
  1336 | D:2      | 1336 ||| READING scroll of enchant weapon.
  1336 | D:2      | 1336 ||| ENCHANTING +1 shortbow.
  1583 | D:2      | Found a faded altar of an unknown god.
  1709 | D:2      | 1709 ||| UPGRADING to ring of resist corrosion.
  1735 | D:3      | 1735 ||| PLANNING SEWER
  1828 | D:3      | Found a glowing drain.
  1844 | Sewer    | Entered a sewer
  1865 | Sewer    | 1865 ||| Stepping ~*~*~tactically~*~*~ (water).
  1899 | Sewer    | 1899 ||| Stepping ~*~*~tactically~*~*~ (water).
  1906 | Sewer    | Reached skill level 6 in Ranged Weapons
  1997 | Sewer    | Reached XP level 6. HP: 38/38 MP: 6/6
  2005 | Sewer    | 2005 ||| READING 2 scrolls of enchant weapon.
  2005 | Sewer    | 2005 ||| ENCHANTING +2 shortbow.
  2006 | Sewer    | 2006 ||| READING scroll of enchant weapon.
  2006 | Sewer    | 2006 ||| ENCHANTING +3 shortbow.
  2040 | Sewer    | 2040 ||| Stepping ~*~*~tactically~*~*~ (water).
  2080 | Sewer    | 2080 ||| Stepping ~*~*~tactically~*~*~ (water).
  2164 | Sewer    | 2164 ||| READING scroll labelled JUKENW UPER.
  2195 | Sewer    | 2195 ||| READING scroll labelled JEUKIEROCI.
  2196 | Sewer    | 2196 ||| DRINKING 3 glowing sapphire potions.
  2197 | Sewer    | 2197 ||| DROPPING 2 potions of brilliance.
  2234 | D:3      | 2234 ||| PLANNING D:1-11
  2235 | D:3      | 2235 ||| Stepping ~*~*~tactically~*~*~ (water).
  2433 | D:3      | Reached skill level 7 in Ranged Weapons
  2433 | D:3      | Reached XP level 7. HP: 40/43 MP: 7/7
  2995 | D:3      | 2995 ||| UPGRADING to +4 ring of protection.
  2996 | D:3      | 2996 ||| READING scroll labelled CASIGE TISI.
  2997 | D:3      | 2997 ||| DRINKING 2 smoky sapphire potions.
  3047 | D:3      | 3047 ||| DRINKING 2 orange potions.
  3048 | D:3      | 3048 ||| DROPPING potion of lignification.
  3222 | D:4      | Found Daqebe Efiy's Gadget Gallery.
  3231 | D:4      | 3231 ||| UPGRADING to +0 pair of boots.
  3256 | D:4      | Noticed Blork the orc
  3272 | D:4      | Killed Blork the orc
  3348 | D:4      | Reached skill level 8 in Ranged Weapons
  3381 | D:4      | Found an iron altar of Okawaru.
  3382 | D:4      | 3382 ||| PLANNING OKAWARU WORSHIP
  3382 | D:4      | 3382 ||| DRINKING 2 green potions.
  3383 | D:4      | 3383 ||| DROPPING potion of magic.
  3391 | D:4      | Became a worshipper of Warmaster Okawaru
  3392 | D:4      | 3392 ||| PLANNING D:1-11
  3675 | D:4      | Found a large runed translucent door.
  3675 | D:4      | Found a large runed translucent door.
  3739 | D:4      | 3739 ||| READING scroll of enchant weapon.
  3739 | D:4      | 3739 ||| ENCHANTING +4 shortbow.
  3970 | D:4      | Noticed Duvessa
  3977 | D:4      | Killed Duvessa
  3978 | D:4      | Noticed Dowan
  3992 | D:4      | Killed Dowan
  3993 | D:4      | Reached XP level 8. HP: 49/49 MP: 8/8
  4293 | D:4      | 4293 ||| UPGRADING to +2 robe of fire resistance.
  4303 | D:4      | 4303 ||| DROPPING +0 ring mail.
  4304 | D:4      | 4304 ||| READING 2 scrolls labelled BUMPIU KAJU.
  4305 | D:4      | 4305 ||| DROPPING scroll of fog.
  4323 | D:5      | Entered Level 5 of the Dungeon
  4330 | D:5      | 4330 ||| READING scroll of enchant weapon.
  4330 | D:5      | 4330 ||| ENCHANTING +5 shortbow.
  4497 | D:5      | Reached * piety under Okawaru
  4498 | D:5      | Reached skill level 9 in Ranged Weapons
  4546 | D:5      | Found a shimmering blue altar of Sif Muna.
  4549 | D:5      | Found a white marble altar of Elyvilon.
  4550 | D:5      | Found a stormy altar of Qazlal.
  4550 | D:5      | Found a blossoming altar of Fedhas.
  4550 | D:5      | Found a hide-covered altar of Uskayaw.
  4554 | D:5      | Found a hazy altar of Hepliaklqana.
  4555 | D:5      | Found an ornate altar of the Wu Jian Council.
  4683 | D:5      | 4683 ||| INVOKING Heroism.
  4687 | D:5      | Reached skill level 1 in Invocations
  4873 | D:5      | 4873 ||| READING 2 scrolls labelled ULLESK ZAAN.
  4874 | D:5      | 4874 ||| DRINKING 2 fizzy orange potions.
  4875 | D:5      | 4875 ||| READING 2 scrolls of identify.
  4875 | D:5      | 4875 ||| IDENTIFYING fizzy inky potion
  4876 | D:5      | 4876 ||| DROPPING scroll of poison.
  4877 | D:5      | 4877 ||| DROPPING potion of invisibility.
  4925 | D:6      | Noticed Grinder
  4926 | D:6      | 4926 ||| INVOKING Heroism.
  4931 | D:6      | Killed Grinder
  4932 | D:6      | Reached skill level 6 in Fighting
  4935 | D:6      | Reached skill level 3 in Invocations
  4953 | D:6      | Found Xenunu's Overcharged Wands.
  4969 | D:6      | Noticed Edmund
  4970 | D:6      | 4970 ||| INVOKING Heroism.
  4980 | D:6      | Killed Edmund
  5048 | D:6      | 5048 ||| INVOKING Heroism.
  5072 | D:6      | 5072 ||| RETREATING.
  5076 | D:6      | Reached XP level 9. HP: 49/55 MP: 10/12
  5157 | D:6      | 5157 ||| Stepping ~*~*~tactically~*~*~ (retreating).
  5158 | D:6      | 5158 ||| INVOKING Heroism.
  5159 | D:6      | 5159 ||| Stepping ~*~*~tactically~*~*~ (retreating).
  5160 | D:6      | 5160 ||| Stepping ~*~*~tactically~*~*~ (retreating).
  5164 | D:6      | 5164 ||| Stepping ~*~*~tactically~*~*~ (outnumbered).
  5167 | D:6      | 5167 ||| Stepping ~*~*~tactically~*~*~ (retreating).
  5169 | D:6      | 5169 ||| Stepping ~*~*~tactically~*~*~ (retreating).
  5170 | D:6      | 5170 ||| Stepping ~*~*~tactically~*~*~ (retreating).
  5171 | D:6      | 5171 ||| Stepping ~*~*~tactically~*~*~ (retreating).
  5175 | D:6      | 5175 ||| Stepping ~*~*~tactically~*~*~ (outnumbered).
  5177 | D:6      | Reached skill level 10 in Ranged Weapons
  5317 | D:6      | Reached skill level 3 in Dodging
  5437 | D:6      | 5437 ||| INVOKING Heroism.
  5465 | D:6      | 5465 ||| UPGRADING to amulet of regeneration.
  5472 | D:6      | 5472 ||| INVOKING Heroism.
  5967 | D:6      | 5967 ||| DRINKING 2 blue potions.
  5968 | D:6      | 5968 ||| READING 4 scrolls of identify.
  5968 | D:6      | 5968 ||| IDENTIFYING lumpy cyan potion
  5969 | D:6      | 5969 ||| READING 3 scrolls of identify.
  5969 | D:6      | 5969 ||| IDENTIFYING smoky purple potion
  5970 | D:6      | 5970 ||| READING 2 scrolls of identify.
  5970 | D:6      | 5970 ||| IDENTIFYING amethyst potion
  6095 | D:7      | 6095 ||| SWAPPING to +0 arbalest.
  6096 | D:7      | 6096 ||| DROPPING +6 shortbow.
  6103 | D:7      | 6103 ||| INVOKING Heroism.
  6119 | D:7      | Found a staircase to the Ecumenical Temple.
  6145 | D:7      | Noticed Maggie
  6146 | D:7      | Reached ** piety under Okawaru
  6153 | D:7      | Killed Maggie
  6154 | D:7      | Reached skill level 11 in Ranged Weapons
  6220 | D:7      | Reached XP level 10. HP: 63/63 MP: 13/13
  6540 | D:7      | 6540 ||| UPGRADING to +0 swamp dragon scales.
  6550 | D:7      | 6550 ||| UPGRADING to amulet of faith.
  6568 | D:8      | 6568 ||| STAIRDANCE
  6574 | D:8      | 6574 ||| STAIRDANCE
  6581 | D:7      | Reached skill level 3 in Armour
  6583 | D:8      | 6583 ||| STAIRDANCE
  6593 | D:8      | 6593 ||| STAIRDANCE
  6595 | D:7      | 6595 ||| INVOKING Heroism.
  6691 | D:8      | Found Jiaro's Assorted Antiques.
  6705 | D:8      | 6705 ||| INVOKING Heroism.
  6749 | D:8      | 6749 ||| FLEEEEING.
  6750 | D:8      | 6750 ||| FLEEEEING.
  6751 | D:8      | 6751 ||| STAIRDANCE
  6780 | D:8      | 6780 ||| STAIRDANCE
  6861 | D:8      | Reached *** piety under Okawaru
  6903 | D:8      | Reached skill level 12 in Ranged Weapons
  6963 | D:8      | 6963 ||| INVOKING Heroism.
  7153 | D:8      | 7153 ||| DRINKING potion of curing.
  7153 | D:8      | 7153 ||| (to cure confusion)
  7231 | D:8      | Found a staircase to the Lair.
  7428 | D:8      | 7428 ||| READING 3 scrolls of identify.
  7428 | D:8      | 7428 ||| IDENTIFYING black potion
  7429 | D:8      | 7429 ||| READING 2 scrolls of identify.
  7429 | D:8      | 7429 ||| IDENTIFYING lumpy black potion
  7430 | D:8      | 7430 ||| DROPPING potion of attraction.
  7431 | D:8      | 7431 ||| DROPPING potion of degeneration.
  7507 | D:8      | 7507 ||| BUYING bound wooden ring (140 gold).
  7507 | D:8      | Bought a bound wooden ring for 140 gold pieces
  7507 | D:8      | Identified the ring of the Byakko {rF+ Str+3 Dex+3} (You
                  | bought it in a shop on level 8 of the Dungeon)
  7507 | D:8      | 7507 ||| SHOPLISTING heavily runed helmet (266 gold, have
                  | 168).
  7507 | D:8      | Identified the +0 great sword "Sola" {heavy, *Rage Fragile
                  | Str+2 Int+4}
  7508 | D:8      | 7508 ||| PLANNING LAIR
  7508 | D:8      | 7508 ||| UPGRADING to ring of the Byakko {rF+ Str+3 Dex+3}.
  7510 | D:8      | 7510 ||| DROPPING ring of resist corrosion.
  7543 | Lair:1   | Entered Level 1 of the Lair of Beasts
  7543 | Lair:1   | Noticed Amaemon
  7543 | Lair:1   | Noticed an orange demon
  7543 | Lair:1   | Noticed a black mamba
  7544 | Lair:1   | 7544 ||| RETREATING.
  7546 | Lair:1   | 7546 ||| Stepping ~*~*~tactically~*~*~ (retreating).
  7547 | Lair:1   | 7547 ||| Stepping ~*~*~tactically~*~*~ (retreating).
  7548 | Lair:1   | 7548 ||| Stepping ~*~*~tactically~*~*~ (retreating).
  7549 | Lair:1   | 7549 ||| Stepping ~*~*~tactically~*~*~ (retreating).
  7550 | Lair:1   | 7550 ||| Stepping ~*~*~tactically~*~*~ (retreating).
  7551 | Lair:1   | 7551 ||| INVOKING Heroism.
  7553 | Lair:1   | Killed a black mamba
  7560 | Lair:1   | HP: 16/64 [yak (2)]
  7561 | Lair:1   | 7561 ||| READING 2 scrolls of teleportation.
  7562 | Lair:1   | 7562 ||| DRINKING 2 potions of heal wounds.
  7565 | Lair:1   | Killed an orange demon
  7565 | Lair:1   | Reached **** piety under Okawaru
  7568 | Lair:1   | 7568 ||| Stepping ~*~*~tactically~*~*~ (retreating).
  7568 | Lair:1   | Noticed a cane toad
  7569 | Lair:1   | 7569 ||| Stepping ~*~*~tactically~*~*~ (retreating).
  7570 | Lair:1   | 7570 ||| Stepping ~*~*~tactically~*~*~ (retreating).
  7571 | Lair:1   | 7571 ||| Stepping ~*~*~tactically~*~*~ (retreating).
  7572 | Lair:1   | 7572 ||| Stepping ~*~*~tactically~*~*~ (retreating).
  7574 | Lair:1   | 7574 ||| INVOKING Heroism.
  7580 | Lair:1   | 7580 ||| Stepping ~*~*~tactically~*~*~ (retreating).
  7580 | Lair:1   | Noticed a cane toad
  7581 | Lair:1   | 7581 ||| Stepping ~*~*~tactically~*~*~ (retreating).
  7582 | Lair:1   | 7582 ||| Stepping ~*~*~tactically~*~*~ (retreating).
  7585 | Lair:1   | Reached skill level 13 in Ranged Weapons
  7585 | Lair:1   | HP: 10/64 [cane toad (16)]
  7586 | Lair:1   | 7586 ||| READING scroll of teleportation.
  7586 | Lair:1   | HP: 2/64 [cane toad (8)]
  7587 | Lair:1   | 7587 ||| DRINKING potion of heal wounds.
  7588 | Lair:1   | Slain by a cane toad

Levels and vault maps discovered:
D:1:      dpeg_arrival_rhombi, layout_basic
D:2:      layout_loops_ring, basic_altar,
          shapermc_ecumenical_altar_mp_ritualfount,
          chequers_serial_rivers_micro_b, minmay_quadrilaterals, uniq_natasha
D:3:      layout_basic, cheibrodos_sewer_entry_drain, hex_medium,
          saegor_snake_ambush
D:4:      layout_layer_cave, okawaru_metal_pillars_1_2, jmf_multi_god_temple2,
          nicolae_shop_gadgets, uniq_blork_the_orc, uniq_duvessa
D:5:      layout_basic, minitemple
D:6:      minmay_clustersquares, layout_gridville, serial_co_window_serial,
          co_window_corner_a, co_window_paths_b, co_window_cross_1,
          co_window_cross_1, co_window_paths_b, co_window_paths_a,
          co_window_unsneaky_path_e, co_window_corner_cb, co_window_broadway_c,
          co_window_broadway_a, co_window_2corner, glass_columns_c,
          glass_columns_a, nicolae_shop_overcharged_wands, uniq_edmund,
          uniq_grinder
D:7:      layout_loops_ring, minmay_temple_entry_antechambers, uniq_maggie
D:8:      layout_gridville, hellmonk_lair_entry_icy, serial_shops,
          nicolae_take_the_stairs
D:9:      layout_cave_pools, uniq_psyche
Lair:1:   layout_cave_shapes, chequers_serial_rivers_small_a,
          beast_lair_carwin_1, infiniplex_staircase_pool_2, uniq_gastronok,
          uniq_amaemon, uniq_joseph

Skill      XL: |  1  2  3  4  5  6  7  8  9 10 |
---------------+-------------------------------+-----
Armour         | 2 4 |  4.5
Ranged Weapons | 5 6 7 8 9 11 13 | 13.0
Fighting       | 3 4 5 6 7 8 |  8.0
Dodging        | 2 3 4 |  4.1
Invocations    | 4 |  4.5
Stealth        | |  1.1

Action                     |  1- 3 |  4- 6 |  7- 9 | 10-12 || total
---------------------------+-------+-------+-------+-------++-------
   Fire: Shortbow          |    65 |   186 |   232 |       ||   483
         Arbalest          |       |       |    36 |   149 ||   185
 Invoke: Heroism           |       |       |     8 |     5 ||    13
    Use: Scroll            |     5 |     5 |     9 |     4 ||    23
         Potion            |       |     1 |     5 |     3 ||     9
 Armour: Leather armour    |     6 |       |       |       ||     6
         Ring mail         |    13 |    54 |    13 |       ||    80
         Robe              |       |       |    37 |       ||    37
         Swamp dragon scal |       |       |       |   171 ||   171
  Dodge: Dodged            |    14 |    58 |    45 |   160 ||   277

Table legend:
 A = Non-vault XP
 B = Vault XP
 C = Vault XP percentage of total XP
 D = Non-vault monster count
 E = Vault monster count
 F = Vault count percentage of total count
                 A         B        C        D         E       F
            +---------+---------+-------+---------+---------+-------
      Total |    4765 |    4220 |  47.0 |     121 |      62 |  33.9
            +---------+---------+-------+---------+---------+-------
        D:1 |      24 |       0 |   0.0 |      13 |       0 |   0.0
        D:2 |     154 |      46 |  23.0 |      22 |       7 |  24.1
        D:3 |     149 |      24 |  13.9 |      15 |       6 |  28.6
        D:4 |     223 |     306 |  57.8 |      12 |       3 |  20.0
        D:5 |     558 |       0 |   0.0 |       9 |       0 |   0.0
        D:6 |     526 |    1136 |  68.4 |      11 |      15 |  57.7
        D:7 |    1152 |     837 |  42.1 |      16 |       3 |  15.8
        D:8 |    1133 |     767 |  40.4 |      20 |       4 |  16.7
        D:9 |     298 |       0 |   0.0 |       1 |       0 |   0.0
     Lair:1 |     548 |     798 |  59.3 |       2 |       5 |  71.4
      Sewer |       0 |     306 | 100.0 |       0 |      19 | 100.0
            +---------+---------+-------+---------+---------+-------
